Minoru, lawful male human Samurai ------- --.|.|.----- |..........| |..........| ---........| ..| |.......-- ...---.......| ..| .............| ...-- ............-- -...)--- ..........--| ..<....| --...)......| ----...-------------------......---.--- --............................| |...| |...*---------...-------.---.-- ---.--- |....| |....- -|.N.| - |...| --...--- |......|.|@--- ---.--- -.....| --........| |...| |..|...| --......-- --..| ------ --........ --- -----.|.- ---- Minoru the Ronin Experience level: 5 Strength: 16 Dexterity: 15 Constitution: 18 Intelligence: 8 Wisdom: 8 Charisma: 10 Health: 0(51) Energy: 19(19) Def: 7 Gold: 263 Moves: 1682 Dungeon seed: WPg4oTD6UUMNaQ4j Game ID: Minoru_1654435537 Your Inventory: Coins $ - 263 gold pieces Weapons a - a +0 katana (weapon in hand) b - a +0 wakizashi (alternate weapon; not wielded) c - a +0 yumi d - 28 +0 ya (in quiver) j - 31 +0 arrows A - 22 cursed -1 arrows G - 10 blessed +2 arrows K - a +0 elven dagger Armor e - an uncursed rustproof +0 splint mail (being worn) q - an uncursed +0 dwarvish cloak named non-cursed (being worn) r - a blessed +1 dwarvish cloak y - an uncursed +0 orcish helm named non-cursed (being worn) L - an uncursed +0 dwarvish mithril-coat M - an uncursed +0 orcish helm N - an uncursed +0 dwarvish iron helm O - an uncursed +0 pair of iron shoes Y - a cursed +0 pair of iron shoes Comestibles f - 2 uncursed gunyoki l - an uncursed lichen corpse H - an uncursed fortune cookie Scrolls k - an uncursed scroll of amnesia Potions o - an uncursed potion of sickness s - an uncursed potion of acid Rings v - an uncursed ring of invisibility Wands u - a wand of digging (0:7) Tools t - 5 uncursed tallow candles (0:200) x - 2 blessed wax candles (0:400) B - an uncursed partly used wax candle (lit) (0:227) Gems n - 2 uncursed worthless pieces of yellowish brown glass z - 3 uncursed worthless pieces of white glass I - an uncursed worthless piece of red glass Spells and supernatural/magical abilities: Name Level Category Fail Memory W - pray for help -- divine ? -- Your skills at the end: Fighting Skills martial arts [Basic] Weapon Skills short sword [Basic] long sword [Basic] bow [Basic] Spellcasting Skills Final Attributes: You were piously aligned. You were stunned. You were fast. You are dead. Vanquished creatures: 2 small mimics a gnome king 4 gnome lords a gnomish wizard 2 giant ants a little dog 3 dwarves a giant bat 2 coyotes 2 hobgoblins 14 gnomes a gnome zombie 4 jackals a fox 3 goblins 2 sewer rats 3 grid bugs 4 lichens 4 kobold zombies 3 newts 58 creatures vanquished. Voluntary challenges: You used a wielded weapon 67 times, starting on turn 3. You were illiterate. You never genocided any monsters. You never polymorphed an object. You never changed form. You used no wishes. You never split a pudding. You never wrote Elbereth's name. You never violated your personal moral code. Dungeon overview: The Dungeons of Doom: levels 1 to 4 Level 1 a fountain, a sink a long staircase Level 2 a scroll shop Level 3 a general store, a fountain stairs to The Gnomish Mines Level 4 The Gnomish Mines: levels 4 to 6 Level 4 stairs to The Dungeons of Doom Level 5 Level 6 <- You were here History has recorded: On T:1 you entered the Dungeons of Doom to retrieve the Amulet of Yendor! On T:315 you reached level 2 of The Dungeons of Doom. On T:402 you advanced to experience level 2. On T:485 you reached level 3 of The Dungeons of Doom. On T:754 you reached level 4 of The Dungeons of Doom. On T:901 you reached level 1 of The Gnomish Mines. On T:933 you advanced to experience level 3. On T:945 you advanced to experience level 4. On T:1060 you advanced to experience level 5. On T:1259 you reached level 2 of The Gnomish Mines. On T:1508 you reached level 3 of The Gnomish Mines. Score breakdown: Gold: 263 ( 8237 points) Experience: 5 levels (11141 points) Exploration: 6 levels ( 12.24%) ( 9682 points) Discoveries: 7 items ( 2.85%) ( 5060 points) Valuables value: (no points given unless you survive) Artifact value: 0 ( 0 points) Variety of kills: 20 monsters ( 5.25%) ( 6873 points) Turncount: 1682 turns ( 0 points) Survival: died (score multiplied by 80%) Total score: 32794 Latest messages: The guardian naga hatchling bites! You attack thin air. Sparks fly as you whack the wall. The guardian naga hatchling bites! You attack thin air. The guardian naga hatchling bites! You miss the guardian naga hatchling. The guardian naga hatchling bites! You bump into the guardian naga hatchling. You feel less confused now. You bump into the guardian naga hatchling. The guardian naga hatchling bites! Sparks fly as you whack the wall. The guardian naga hatchling bites! Sparks fly as you whack the wall. Your katana vibrates violently! The guardian naga hatchling bites! Sparks fly as you whack the wall. Your katana vibrates violently! You hear the howling of the CwnAnnwn... The guardian naga hatchling bites! You die... Final status: Sayonara Minoru the Samurai, killed by a guardian naga hatchling... You died in The Gnomish Mines on dungeon level 6 with 32794 points, and 263 pieces of gold, after 1682 moves. You were level 5 with a maximum of 51 hit points when you died.